Map: Línea Aguablanca EE

Players

Giancarlo

  • Race: Zerg Zerg
  • Spawn Location: 7:00

Agustin

  • Race: Terran Terran
  • Spawn Location: 6:00

rtbkiller

  • Race: Protoss Protoss
  • Spawn Location: 7:00

TATORREA - Winner!

  • Race: Protoss Protoss
  • League: Silver
  • Spawn Location: 1:00

tigro - Winner!

  • Race: Terran Terran
  • League: Bronze
  • Spawn Location: 1:00

MrFercho - Winner!

  • Race: Terran Terran
  • League: Silver
  • Spawn Location: 12:00

VOD

Have the link to the VOD?

Description

Time

  • Played on: June 3, 2020, 8:54 p.m.
  • Length: 21:23
Show
View Real Time Build Order
Export as new Build Order

Giancarlo Zerg 

Build Orders: Pool First 

Get SALT Encoding   

  12  0:03  Drone  
  13  0:10  Drone  
  14  0:18  Overlord  
  14  0:25  Overlord  
  14  0:40  Drone x2  
  16  0:51  Spawning Pool  
  16  0:53  Drone  
  16  1:00  Drone  
  17  1:11  Extractor  
  17  1:15  Extractor  
  17  1:16  Drone  
  16  1:38  Zergling x4  
  18  1:56  Zergling x4  
  20  2:13  Lair  
  20  2:24  Overlord x2  
  20  2:27  Drone  
  21  2:39  Metabolic Boost  
  21  2:43  Hatchery  
  19  3:00  Zergling x2  
  19  3:01  Zergling x4  
  19  3:24  Evolution Chamber  
  19  3:25  Queen  
  20  3:37  Hydralisk Den  
  19  3:59  Hatchery  
  18  4:19  Grooved Spines  
  18  4:25  Drone x2  
  20  4:32  Drone  
  21  4:45  Drone x2  
  23  4:58  Drone x2  
  25  5:12  Lair  
  25  5:15  Drone  
  25  5:17  Drone  
  27  5:25  Queen  
  29  5:30  Muscular Augments  
  29  5:32  Drone  
  30  5:54  Drone  
  30  5:55  Drone x2  
  33  6:00  Extractor  
  33  6:03  Extractor  
  31  6:07  Drone x2  
  31  6:08  Drone  
  32  6:11  Hydralisk  
  32  6:12  Hydralisk x2  
  38  6:35  Lair  
  38  6:45  Drone x3  
  41  6:48  Drone x3  
  41  6:52  Extractor  
  43  6:54  Extractor  
  42  7:09  Infestation Pit  
  42  7:14  Zerg Melee Weapons Level 1  
  41  7:21  Drone x2  
  41  7:22  Drone  
  44  7:34  Drone x3  
  47  7:49  Hive  
  47  7:51  Hive  
  47  7:56  Hive  
  47  8:12  Hydralisk x3  
  48  8:50  Hydralisk  
  48  8:51  Hydralisk x2  
  48  8:54  Hydralisk x2  
  58  8:59  Overlord  
  58  9:09  Zerg Ground Armor Level 1  
  58  9:13  Overlord  
  58  9:17  Drone x2  
  56  10:02  Drone x3  
  56  10:05  Drone  
  56  10:06  Drone x2  
  56  10:38  Ultralisk Cavern, Spire  
  54  10:50  Hatchery  
  47  11:01  Hydralisk x3  
  47  11:03  Zerg Missile Weapons Level 1  
  47  11:04  Hydralisk  
  47  11:05  Hydralisk x2  
  47  11:08  Hydralisk x3  
  59  11:26  Hydralisk x2  
  63  11:36  Hydralisk x2  
  67  11:40  Hydralisk x3  
  73  12:05  Ultralisk  
  73  12:06  Overlord, Drone  
  78  12:37  Ultralisk x2, Overlord  
  78  12:40  Overlord x2  
  84  12:47  Drone x3  
  85  12:57  Zerg Melee Weapons Level 2  
  79  13:01  Ultralisk  
  85  13:05  Overlord x2  
  85  13:12  Lair  
  85  13:14  Drone x2  
  87  13:23  Hydralisk  
  87  13:24  Hydralisk  
  91  13:38  Drone x2  
  93  13:42  Hydralisk x3  
  93  13:44  Hydralisk x2  
  103  14:21  Hydralisk x3  
  109  14:25  Hive, Hydralisk x2  
  109  14:26  Hydralisk  
  115  14:31  Hydralisk x2  
  115  14:32  Hydralisk  
  115  14:34  Hydralisk x3  
  127  14:38  Overlord  
  99  15:05  Hydralisk x2  
  95  15:08  Hydralisk x3  
  95  15:11  Hydralisk x3  
  95  15:12  Zerg Ground Armor Level 2  
  101  15:14  Hydralisk  
  101  15:15  Hydralisk x2  
  97  15:27  Hydralisk  
  83  15:31  Ultralisk  
  89  16:01  Hydralisk x3  
  81  16:05  Hydralisk x3  
  81  16:08  Hydralisk x3  
  79  16:11  Hydralisk x3  
  73  16:40  Hydralisk  
  73  16:41  Hydralisk x2  
  73  16:44  Hydralisk x3  
  73  16:47  Hydralisk x3  
  87  17:07  Hydralisk x3  
  93  17:11  Hydralisk  
  93  17:12  Hydralisk  
  93  17:15  Hydralisk x2  
  99  17:18  Ultralisk x2  
Show
View Real Time Build Order
Export as new Build Order

Agustin Terran 

Build Orders:  

Get SALT Encoding   

  12  0:05  SCV  
  13  0:17  SCV  
  14  0:29  SCV  
  15  0:41  Supply Depot  
  15  0:55  Supply Depot  
  15  1:02  SCV  
  16  1:06  Supply Depot  
  16  1:14  SCV  
  17  1:26  SCV  
  18  1:34  Refinery  
  18  1:38  SCV  
  19  1:42  Refinery  
  19  1:51  SCV  
  20  2:00  Engineering Bay  
  20  2:03  SCV  
  21  2:09  Engineering Bay  
  21  2:15  SCV, Engineering Bay  
  22  2:37  SCV  
  23  2:49  SCV  
  24  2:54  Engineering Bay  
  24  2:56  Terran Infantry Weapons Level 1  
  24  3:01  SCV  
  25  3:13  Terran Infantry Armor Level 1  
  25  3:23  Hi-Sec Auto Tracking  
  25  3:40  Barracks  
  25  3:47  Supply Depot  
  25  3:52  SCV  
  26  3:56  Neosteel Armor  
  26  4:15  Barracks  
  26  4:24  Engineering Bay  
  26  4:42  Barracks Reactor  
  26  4:44  Barracks  
  26  5:27  Barracks Reactor  
  26  5:32  Factory  
  26  5:33  Barracks Reactor  
  26  5:36  Bunker  
  26  5:38  Marine x2  
  28  5:56  Marine x2  
  30  6:05  Marine x2  
  32  6:14  Marine x2  
  32  6:18  Factory  
  34  6:22  Marine x2  
  34  6:23  Marine x2  
  38  6:31  Marine  
  38  6:32  Marine  
  40  6:39  Armory  
  40  6:40  Marine x2  
  40  6:41  Marine x2  
  44  6:49  Marine x2  
  46  6:54  Armory  
  46  6:58  Marine  
  47  7:01  Supply Depot  
  47  7:19  Armory  
  47  7:23  Marine x6  
  53  7:35  Terran Vehicle Weapons Level 1  
  53  7:38  Factory Tech Lab  
  53  7:41  Marine x2  
  55  7:48  Supply Depot  
  55  7:53  Supply Depot  
  55  7:58  Supply Depot  
  55  7:59  Terran Vehicle And Ship Armor Level 1  
  55  8:09  Terran Ship Weapons Level 1, Marine x2, Thor  
  63  8:15  Marine x3  
  66  8:32  Marine x2  
  68  8:50  Marine x2  
  51  11:12  Thor  
  55  11:19  Marine x2  
  55  11:22  Marine x2  
  54  11:37  Marine x2  
  54  11:39  Marine  
  50  11:40  Marine  
  46  11:51  Terran Infantry Weapons Level 2  
  46  11:53  Terran Infantry Armor Level 2  
  46  11:55  Marine x2, Thor  
  46  11:57  Marine  
  46  11:58  Marine  
  56  12:13  Marine x2  
  56  12:15  Marine  
  59  12:38  Thor  
  65  13:21  Thor  
  71  13:43  Terran Vehicle Weapons Level 2  
  71  14:02  Marine  
  72  14:03  Thor  
  72  14:04  Marine  
  79  14:15  Supply Depot  
  79  14:36  Marine x2  
  54  15:19  Marine  
  53  15:22  Marine x2  
  53  15:27  Marine  
  56  15:37  Marine  
  56  15:40  Marine x2  
  34  15:55  Marine  
  35  15:58  Marine x2  
  36  16:13  Marine  
  36  16:16  Marine x2  
  35  16:31  Marine  
  19  18:14  Command Center  
  17  18:29  Terran Vehicle Weapons Level 3  
  17  18:31  Planetary Fortress  
Show
View Real Time Build Order
Export as new Build Order

rtbkiller Protoss 

Build Orders:  

Get SALT Encoding   

  12  0:05  Probe (Chrono Boost)  
  13  0:17  Probe (Chrono Boost)  
  14  0:21  Pylon  
  14  0:22  Probe (Chrono Boost)  
  15  0:39  Probe  
  16  0:46  Gateway  
  16  0:51  Probe  
  16  0:52  Pylon  
  17  1:04  Probe  
  18  1:06  Assimilator  
  18  1:17  Assimilator  
  18  1:39  Cybernetics Core  
  18  1:43  Pylon  
  18  1:46  Pylon  
  18  1:51  Probe (Chrono Boost)  
  20  2:01  Probe (Chrono Boost)  
  20  2:06  Probe (Chrono Boost)  
  21  2:17  Probe  
  21  2:18  Nexus  
  21  2:21  Warp Gate  
  22  2:29  Probe  
  23  2:37  Gateway  
  23  2:42  Gateway  
  23  2:56  Pylon  
  23  2:59  Assimilator  
  23  3:04  Probe (Chrono Boost)  
  24  3:15  Probe (Chrono Boost)  
  25  3:20  Probe (Chrono Boost)  
  25  3:26  Assimilator  
  26  3:30  Probe  
  26  3:31  Stalker  
  29  3:34  Stalker  
  29  3:38  Stalker  
  33  3:48  Pylon  
  33  3:52  Probe (Chrono Boost)  
  35  4:03  Probe (Chrono Boost)  
  35  4:08  Probe (Chrono Boost)  
  36  4:13  Forge  
  36  4:19  Probe  
  36  4:22  Stargate  
  37  4:30  Pylon  
  37  4:44  Probe (Chrono Boost)  
  38  4:56  Probe (Chrono Boost)  
  38  4:57  Stalker  
  41  5:00  Stalker  
  41  5:01  Probe (Chrono Boost)  
  41  5:03  Stalker  
  46  5:07  Void Ray  
  46  5:11  Probe  
  51  5:23  Probe  
  52  5:35  Probe  
  53  5:42  Gateway x2  
  53  5:44  Stalker  
  53  5:47  Probe  
  53  5:48  Void Ray (Chrono Boost), Sentry  
  58  5:52  Sentry  
  64  5:59  Probe  
  61  6:23  Void Ray  
  59  6:36  Stalker  
  59  6:39  Sentry  
  63  6:42  Sentry  
  63  6:45  Probe (Chrono Boost)  
  66  6:57  Probe (Chrono Boost)  
  67  7:01  Probe (Chrono Boost)  
  67  7:03  Pylon  
  67  7:06  Pylon  
  68  7:10  Pylon  
  68  7:11  Probe  
  69  7:18  Pylon  
  69  7:22  Stargate  
  70  7:33  Stalker  
  70  7:35  Stalker  
  73  7:39  Stalker  
  73  7:41  Sentry  
  73  7:42  Sentry  
  79  7:50  Void Ray  
  83  8:12  Robotics Facility  
  83  8:42  Stalker  
  83  8:43  Stalker  
  83  8:48  Stalker  
  79  9:33  Void Ray  
  79  9:37  Void Ray  
  63  11:21  Stalker  
  63  11:23  Stalker  
  67  11:26  Stalker  
  67  11:28  Stalker  
  67  11:31  Stalker  
  43  12:47  Stalker  
  43  12:49  Stalker  
  47  12:52  Stalker  
  47  12:53  Stalker  
  47  12:56  Stalker  
  53  13:09  Void Ray (Chrono Boost)  
  53  13:12  Void Ray (Chrono Boost)  
  61  13:23  Stalker  
  61  13:25  Stalker  
  65  13:27  Stalker  
  65  13:29  Stalker  
  65  13:33  Sentry  
  71  13:45  Void Ray  
  71  13:48  Void Ray  
  79  13:52  Stalker  
  79  13:54  Stalker  
  83  13:56  Stalker  
  83  13:59  Immortal  
  89  14:03  Stalker  
  91  14:10  Sentry  
  93  14:27  Void Ray  
  93  14:30  Void Ray  
  101  14:36  Fleet Beacon  
  101  14:38  Immortal, Robotics Bay  
  91  14:59  Nexus  
  73  15:06  Stalker  
  69  15:08  Stalker  
  69  15:10  Void Ray  
  69  15:11  Stalker  
  69  15:13  Void Ray, Stalker  
  83  15:14  Stalker  
  83  15:17  Immortal  
  89  15:37  Stalker  
  91  15:56  Immortal, Sentry  
  105  16:00  Void Ray (Chrono Boost), Pylon x2  
  105  16:01  Pylon  
  101  16:22  Carrier (Chrono Boost)  
  101  16:36  Void Ray  
  76  17:19  Void Ray, Carrier  
  78  17:31  Stalker  
  78  17:33  Stalker  
  78  17:36  Stalker  
  70  17:37  Stalker  
  70  17:40  Stalker  
  72  18:02  Void Ray  
  72  18:12  Stalker  
  74  18:15  Stalker  
  74  18:19  Adept  
  78  18:22  Stalker  
  86  18:30  Carrier (Chrono Boost)  
  58  19:00  Stalker  
  58  19:02  Void Ray (Chrono Boost), Stalker  
  62  19:08  Mothership  
  66  19:28  Stalker  
  66  19:29  Stalker  
  58  19:40  Void Ray (Chrono Boost)  
  37  19:57  Void Ray (Chrono Boost)  
  37  20:19  Stalker  
  37  20:20  Stalker  
Show
View Real Time Build Order
Export as new Build Order

TATORREA Protoss - Winner!

Build Orders:  

Get SALT Encoding   

  12  0:01  Probe  
  13  0:21  Pylon  
  13  0:29  Probe (Chrono Boost)  
  14  0:40  Probe (Chrono Boost)  
  15  0:44  Probe (Chrono Boost)  
  16  0:51  Gateway  
  16  0:55  Probe  
  17  1:06  Assimilator  
  17  1:09  Probe  
  18  1:21  Probe  
  19  1:33  Probe  
  20  1:46  Probe  
  21  1:47  Gateway  
  21  1:50  Cybernetics Core  
  21  2:00  Nexus  
  21  2:04  Probe  
  22  2:10  Assimilator  
  22  2:16  Probe  
  22  2:22  Pylon  
  23  2:40  Probe  
  24  2:44  Zealot x2 (Chrono Boost)  
  28  2:52  Warp Gate  
  26  3:15  Zealot x2 (Chrono Boost)  
  28  3:28  Probe x2  
  30  3:40  Probe x2  
  32  3:46  Stalker  
  32  3:48  Stalker  
  36  3:50  Pylon  
  36  3:52  Probe x2  
  36  3:54  Pylon  
  38  4:04  Probe  
  38  4:05  Probe  
  40  4:16  Probe, Stalker  
  44  4:17  Probe  
  44  4:18  Stalker  
  46  4:28  Probe  
  47  4:37  Gateway  
  47  4:39  Gateway  
  47  4:40  Probe  
  47  4:41  Probe  
  47  4:43  Assimilator  
  47  4:45  Assimilator  
  49  4:52  Forge  
  49  4:55  Twilight Council  
  49  5:00  Robotics Facility  
  49  5:03  Probe  
  49  5:04  Probe  
  51  5:16  Probe x2  
  51  5:19  Stalker  
  55  5:22  Zealot  
  55  5:24  Protoss Ground Weapons Level 1  
  55  5:28  Probe x2  
  59  5:31  Protoss Air Weapons Level 1  
  59  5:33  Charge (Chrono Boost)  
  59  5:40  Probe x2  
  61  5:59  Pylon  
  61  6:06  Pylon  
  61  6:14  Pylon  
  55  6:21  Pylon  
  55  6:25  Pylon  
  49  6:32  Stalker x2  
  49  6:33  Stalker x2  
  53  6:44  Probe x2  
  55  6:53  Nexus  
  55  6:58  Stargate  
  55  6:59  Stargate  
  59  7:01  Immortal  
  59  7:03  Gateway  
  59  7:05  Gateway  
  59  7:06  Probe x2  
  59  7:07  Gateway  
  61  7:22  Probe x2  
  63  7:34  Protoss Ground Weapons Level 2  
  63  7:37  Blink  
  63  7:40  Immortal  
  67  7:45  Protoss Air Armor Level 1  
  67  7:47  Fleet Beacon  
  67  7:51  Robotics Bay  
  67  7:52  Probe x2  
  69  8:01  Zealot x3  
  69  8:03  Zealot  
  69  8:05  Zealot  
  79  8:08  Zealot  
  81  8:16  Probe x3  
  84  8:24  Assimilator  
  84  8:26  Assimilator  
  84  8:28  Probe x3  
  63  9:04  Zealot x2  
  63  9:05  Zealot x3  
  63  9:06  Zealot x2  
  73  9:10  Phoenix x2  
  73  9:16  Anion Pulse-Crystals  
  77  9:17  Extended Thermal Lance  
  77  9:19  Colossus  
  83  9:31  Probe x3  
  86  9:44  Probe  
  86  9:45  Probe x2  
  89  9:49  Stalker  
  89  9:50  Stalker x5  
  89  9:51  Stalker  
  103  9:53  Phoenix  
  103  9:54  Nexus  
  103  9:56  Phoenix  
  103  9:57  Probe  
  92  10:14  Zealot x4  
  78  10:15  Zealot x3  
  65  10:37  Zealot x5  
  65  10:38  Zealot  
  65  11:10  Assimilator  
  61  11:21  Protoss Ground Weapons Level 3 (Chrono Boost)  
  61  11:34  Zealot x3  
  61  11:35  Zealot  
  67  12:11  Pylon  
  67  12:12  Pylon  
  67  12:17  Pylon  
  67  12:19  Pylon  
  67  12:20  Colossus  
  67  12:22  Pylon x2  
  67  12:25  Cybernetics Core  
  67  12:26  Zealot x3  
  67  12:28  Pylon  
  66  12:47  Zealot x2  
  66  12:48  Zealot  
  72  13:08  Assimilator  
  72  13:12  Photon Cannon  
  72  13:13  Immortal, Photon Cannon  
  72  13:16  Photon Cannon  
  72  13:18  Photon Cannon  
  76  13:20  Photon Cannon  
  76  13:22  Photon Cannon  
  76  13:24  Photon Cannon  
  76  13:26  Photon Cannon  
  76  13:27  Zealot x2  
  76  13:28  Zealot, Photon Cannon  
  76  13:29  Photon Cannon  
  76  13:31  Photon Cannon  
  76  13:34  Photon Cannon  
  82  13:38  Gateway  
  82  13:39  Gateway  
  82  13:42  Gateway x2  
  82  13:44  Gateway  
  82  13:47  Gateway  
  82  13:48  Protoss Air Weapons Level 2  
  82  13:49  Gateway  
  82  13:50  Gateway  
  82  13:52  Gateway, Colossus  
  88  13:56  Gateway  
  88  13:59  Zealot x2  
  88  14:00  Zealot  
  94  14:09  Flux Vanes  
  94  14:12  Protoss Shields Level 1  
  94  14:17  Stargate  
  94  14:20  Stargate  
  94  14:46  Immortal  
  98  14:53  Templar Archives  
  98  15:24  Colossus  
  104  15:32  High Templar x4  
  104  15:33  High Templar x3  
  104  15:34  Zealot x2  
  104  15:35  Zealot x4, Assimilator  
  128  15:38  Psionic Storm  
  128  15:40  Assimilator  
  104  16:19  Immortal  
  104  16:21  Protoss Ground Armor Level 1  
  108  16:57  Colossus  
  70  17:51  Nexus  
  70  17:55  Pylon  
  70  17:57  Pylon  
  70  18:01  Pylon  
  70  18:06  High Templar  
  70  18:07  Pylon, High Templar x3  
  70  18:09  High Templar x3  
  70  18:10  Pylon, High Templar  
  70  18:12  Carrier x2 (Chrono Boost)  
  86  18:16  Pylon  
  98  18:21  Pylon  
  98  18:28  Stalker x2  
  98  18:29  Stalker x3, Protoss Shields Level 2  
  98  18:33  Immortal  
  112  18:42  Zealot x2  
  112  18:43  Zealot x4  
  112  18:44  Zealot x2  
  112  18:45  Protoss Air Weapons Level 3  
  128  19:08  Carrier x2  
  140  19:11  Colossus  
  146  19:28  Assimilator  
  146  19:30  Assimilator  
  146  19:33  Zealot x2  
  146  19:34  Zealot x4  
  146  19:35  Zealot x2  
  146  19:36  Zealot  
  164  20:05  Immortal  
Show
View Real Time Build Order
Export as new Build Order

tigro Terran - Winner!

Build Orders:  

Get SALT Encoding   

  12  0:02  SCV  
  13  0:14  SCV  
  14  0:21  Supply Depot  
  14  0:26  SCV  
  15  0:35  Refinery  
  15  0:43  SCV  
  16  0:54  Barracks  
  16  1:01  SCV  
  17  1:13  SCV  
  17  1:14  Refinery  
  18  1:20  Supply Depot  
  18  1:25  SCV  
  19  1:37  SCV  
  20  1:44  Marine  
  21  1:50  SCV  
  22  2:02  SCV, Marine  
  24  2:11  Barracks  
  24  2:16  SCV  
  24  2:20  Marine  
  26  2:26  Engineering Bay  
  26  2:28  SCV  
  27  2:37  Marine  
  26  2:55  Marine  
  26  3:13  Marine  
  26  3:14  Barracks Tech Lab  
  27  3:31  Marine  
  27  3:33  Orbital Command  
  28  3:49  Marine  
  29  3:59  Command Center  
  29  4:01  Stimpack  
  29  4:06  Marine  
  30  4:26  Factory  
  30  4:47  Barracks Tech Lab  
  30  4:51  Marine  
  31  5:04  SCV  
  32  5:09  Terran Infantry Weapons Level 1, Marine  
  33  5:14  Refinery, Factory Tech Lab  
  33  5:19  Refinery  
  33  5:26  Starport  
  33  5:27  Marine  
  33  5:28  Planetary Fortress  
  34  5:35  Siege Tank  
  37  5:40  Concussive Shells  
  37  5:45  Marine  
  38  6:03  Marine  
  39  6:04  Armory  
  39  6:08  Missile Turret  
  39  6:15  Medivac  
  41  6:30  Combat Shield  
  41  6:45  SCV, Medivac  
  41  6:46  Missile Turret  
  44  6:52  Fusion Core  
  44  6:57  SCV  
  45  7:03  Terran Infantry Armor Level 1  
  45  7:09  SCV, Missile Turret  
  46  7:19  Starport Tech Lab  
  46  7:21  SCV  
  47  7:30  Missile Turret  
  47  7:33  SCV  
  48  7:49  Drilling Claws  
  48  7:56  Rapid Reignition System  
  48  8:16  SCV  
  49  8:29  SCV, Battlecruiser  
  49  8:31  Marine x2  
  58  8:41  SCV  
  59  8:49  Marine x2  
  59  8:53  SCV  
  62  8:57  Neosteel Armor  
  62  9:08  Smart Servos  
  62  9:16  Missile Turret  
  62  9:19  Supply Depot  
  62  9:40  SCV, Missile Turret, Marine x2, Siege Tank  
  62  9:42  Supply Depot  
  68  9:58  Marine x2  
  50  10:16  Marine x2  
  44  10:24  Battlecruiser  
  44  10:26  Infernal Pre-Igniter  
  44  10:28  Weapon Refit  
  47  10:34  Marine x2  
  49  10:37  Hi-Sec Auto Tracking  
  49  10:39  Thor  
  50  10:51  Marine x2  
  50  11:09  Marine x2  
  50  11:22  Siege Tank  
  53  11:27  Marine x2  
  53  11:28  Battlecruiser  
  61  11:34  Terran Infantry Weapons Level 2  
  59  11:45  Mag-Field Accelerator, Marine x2  
  61  11:54  Thor  
  67  12:08  Advanced Ballistics  
  48  12:23  Marine x2  
  50  12:32  Medivac  
  50  12:36  Thor  
  50  12:41  Marine x2  
  58  12:58  Marine  
  58  12:59  Marine  
  58  13:03  Battlecruiser  
  66  13:16  Marine x2  
  68  13:25  Thor  
  74  13:34  Marine x2  
  76  13:41  Terran Vehicle And Ship Armor Level 1  
  76  13:52  Marine x2  
  78  14:07  Battlecruiser  
  84  14:10  Marine x2  
  86  14:28  Marine x2  
  88  14:45  Marine  
  88  14:46  Marine  
  88  15:03  Marine x2  
  58  15:11  Medivac  
  48  15:21  Marine x2  
  48  15:24  Terran Infantry Armor Level 2  
  50  15:39  Marine x2  
  50  15:41  Battlecruiser  
  58  15:57  Marine x2  
  60  16:14  Marine  
  60  16:15  Marine  
  62  16:32  Marine x2  
  64  16:45  Battlecruiser  
  70  16:50  Marine x2  
  72  17:08  Marine x2  
  74  17:15  Command Center  
  74  17:40  Terran Infantry Weapons Level 3  
  74  17:46  Refinery  
  74  17:50  Battlecruiser  
  80  17:58  Refinery  
  80  18:09  Marine  
  80  18:10  Marine  
  82  18:23  Thor  
  88  18:27  Marine x2  
  88  18:30  Missile Turret  
  90  18:45  Marine x2  
  92  18:50  Missile Turret  
  92  18:54  Battlecruiser  
  98  19:03  Marine x2  
  98  19:06  Thor  
  106  19:10  Missile Turret  
  106  19:21  Marine x2  
  108  19:29  Missile Turret  
  85  19:49  Missile Turret  
  79  19:58  Medivac  
  81  20:05  Marine x2  
  83  20:09  Missile Turret  
  83  20:23  Marine x2  
  91  20:29  Missile Turret  
  91  20:40  Marine  
  91  20:41  Marine  
  93  20:52  Missile Turret  
  93  20:58  Marine x2  
  95  21:12  Missile Turret  
Show
View Real Time Build Order
Export as new Build Order

MrFercho Terran - Winner!

Build Orders: Command Center First (CC), Mech 

Get SALT Encoding   

  12  0:02  SCV  
  13  0:14  SCV  
  14  0:23  Supply Depot  
  14  0:43  SCV  
  15  1:08  Command Center  
  15  1:09  SCV  
  16  1:21  SCV  
  17  1:30  Barracks  
  17  1:33  SCV, Engineering Bay  
  18  1:51  Refinery  
  18  1:53  SCV  
  19  1:55  Refinery  
  19  2:05  SCV  
  20  2:10  Supply Depot  
  20  2:18  Orbital Command  
  20  2:20  Orbital Command  
  20  2:52  Barracks Reactor  
  19  3:02  Marine  
  20  3:20  Marine  
  21  3:44  Barracks Tech Lab  
  21  3:47  Supply Depot  
  21  3:59  SCV  
  22  4:09  Supply Depot  
  22  4:11  SCV  
  23  4:23  SCV, Factory  
  24  4:35  SCV  
  25  4:38  Combat Shield  
  25  4:46  Terran Infantry Weapons Level 1  
  25  4:47  SCV  
  26  4:57  SCV  
  26  4:59  Refinery  
  28  5:00  SCV  
  28  5:09  SCV  
  28  5:12  SCV  
  30  5:21  SCV  
  30  5:23  Factory Tech Lab  
  30  5:24  SCV  
  30  5:25  Refinery  
  32  5:33  SCV  
  33  5:36  Starport x2  
  33  5:40  Armory  
  33  5:44  Marine  
  34  6:02  Marine  
  34  6:04  Siege Tank  
  38  6:15  Liberator x2  
  44  6:20  Marine  
  44  6:24  Fusion Core  
  45  6:25  Command Center  
  45  6:37  Marine  
  46  6:52  SCV x2  
  48  6:55  Marine  
  49  7:04  SCV x2  
  51  7:16  SCV x2  
  51  7:19  Supply Depot  
  53  7:23  Starport Tech Lab x2  
  53  7:26  Drilling Claws  
  53  7:28  SCV x2  
  55  7:40  SCV x2  
  55  7:42  Factory  
  55  7:43  Supply Depot  
  57  7:44  Factory  
  57  7:45  Factory  
  57  7:53  Refinery  
  57  7:54  Orbital Command  
  57  8:07  Supply Depot  
  57  8:18  Refinery  
  51  8:41  SCV x2  
  53  8:52  Factory Reactor  
  53  8:53  SCV, Factory Reactor x2  
  53  8:54  SCV  
  55  9:05  Armory, Advanced Ballistics, SCV  
  55  9:06  SCV  
  57  9:13  Terran Vehicle Weapons Level 1  
  57  9:15  Cloaking Field  
  57  9:17  SCV, Hyperflight Rotors  
  57  9:18  SCV  
  57  9:19  Banshee x2  
  65  9:29  SCV  
  65  9:30  SCV  
  67  9:47  Terran Infantry Weapons Level 2  
  58  10:01  Banshee  
  58  10:02  Banshee  
  64  10:08  Thor  
  64  10:09  Widow Mine  
  64  10:10  Widow Mine  
  64  10:11  Widow Mine  
  76  10:24  Rapid Reignition System  
  67  10:44  Banshee x2  
  69  10:51  Thor  
  60  11:59  Widow Mine x7  
  74  12:04  Refinery  
  74  12:06  SCV  
  75  12:18  SCV  
  75  12:20  Widow Mine  
  75  12:21  Widow Mine x6  
  90  12:26  Viking x2  
  94  12:30  SCV  
  95  12:41  Widow Mine  
  95  12:42  Widow Mine x2  
  101  13:11  Supply Depot  
  101  13:13  Supply Depot  
  101  13:15  Supply Depot  
  101  13:27  Sensor Tower  
  101  13:33  Viking, SCV, Widow Mine x2  
  108  13:34  Viking  
  108  13:35  Widow Mine x3  
  108  13:37  Widow Mine x2  
  120  13:45  SCV  
  121  13:54  Sensor Tower  
  121  13:56  Widow Mine x2  
  121  13:59  Widow Mine x2  
  129  14:02  Viking  
  129  14:04  Missile Turret  
  129  14:09  Missile Turret  
  131  14:10  Missile Turret  
  131  14:18  Widow Mine  
  133  14:31  Missile Turret  
  133  14:35  Missile Turret  
  133  14:37  Missile Turret  
  131  15:04  Thor  
  137  15:10  Widow Mine  
  137  15:11  Widow Mine x5  
  149  15:32  Widow Mine x6  
  161  15:53  Widow Mine  
  161  15:54  Widow Mine  
  165  16:21  Widow Mine  
  165  16:41  Widow Mine  
  165  16:53  Widow Mine x5, Thor  
  181  17:02  Widow Mine  
  183  17:14  Widow Mine x2  
  179  17:36  Thor  
  185  18:19  Siege Tank  
  188  18:21  Barracks Reactor  
  188  18:30  Supply Depot  
  188  18:34  Supply Depot  
  186  18:51  Widow Mine  
  186  18:55  Supply Depot  
  184  18:58  Supply Depot  
  184  19:19  Supply Depot  
Tags
 
Add a new tag
Caveats
  • Supply blocks, unpowered buildings, or Contaminate may cause inaccurate times.
  • Supply counts are checked every 10 seconds.